AoeStats
← anirudhgupta8992

Black Forest

505706949Analyzed
4v4 RM · 21d ago on Sep 10, 2026· 57m 37s· 8 players
Game mode
Random Map
Map size
Large (8 player)
Population
200
Speed
Normal
Resources
Standard
Victory
Conquest
Starting age
Dark Age
Ending age
Imperial Age
RankedLock teamsTeams togetherTeam positionsShared explorationLock speedFull tech treeHidden civsTurbo modeCheats
Victory
Defeat
🇪🇸 Slavs · Spain
932
+12
🇷🇴 Byzantines · Romania
914
+13
🇹🇷 Portuguese · Türkiye
848
+16
🇸🇮 Khmer · Slovenia
846
+16
🇮🇪 Romans · Ireland
923
-17
🇺🇸 Huns · United States
908
-17
🇮🇳 Persians · India
782
-32
🇩🇪 Britons · Germany
752
-11
sestan.milanmilan
0:31 Loom
13:31 Feudal Age
14:53 Wheelbarrow
14:06 Double-Bit Axe
16:42 Gold Mining
16:43 Stone Mining
19:41 Town Watch
21:57 Castle Age
24:47 Bow Saw
25:47 Hand Cart
26:58 Gold Shaft Mining
27:02 Stone Shaft Mining
26:58 Caravan
34:18 Imperial Age
39:24 Cavalier
55:18 Tusk Swords
PycHOPTER
0:58 Loom
14:42 Feudal Age
16:22 Double-Bit Axe
17:11 Gold Mining
23:08 Castle Age
23:23 Crossbowman
25:01 Bow Saw
36:50 Ballistics
41:19 Imperial Age
40:31 Pikeman
41:45 Halberdier
44:52 Chemistry
44:21 Elite Skirmisher
45:32 Conscription
52:19 Capped Ram
Doomdevil
2:28 Loom
12:43 Feudal Age
14:27 Horse Collar
14:30 Fishing Lines
16:09 Double-Bit Axe
22:36 Castle Age
24:14 Bow Saw
24:26 Heavy Plow
25:35 Stone Mining
25:49 Gold Mining
29:16 Scale Barding Armor
29:01 Fletching
34:29 Imperial Age
32:56 Treadmill Crane
33:15 Murder Holes
33:41 Ballistics
35:45 Crop Rotation
37:30 Stone Shaft Mining
38:17 Conscription
39:18 Gold Shaft Mining
39:30 Wheelbarrow
40:10 Scale Mail Armor
40:24 Forging
41:44 Pikeman
42:25 Squires
44:45 Hand Cart
44:34 Bodkin Arrow
45:16 Iron Casting
46:37 Chemistry
46:30 Caravan
49:15 Coinage
48:56 Guilds
50:53 Coinage
50:33 Guilds
51:58 Chain Barding Armor
51:39 Bracer
52:12 Banking
52:18 Bombard Tower
52:10 Fortified Wall
56:08 Two-Man Saw
56:29 Elite Cataphract
58:00 Logistica
MMURIEL
0:48 Loom
12:50 Feudal Age
14:07 Wheelbarrow
13:36 Horse Collar
13:42 Double-Bit Axe
22:41 Castle Age
21:00 Stone Mining
22:09 Gold Mining
21:45 Man-at-Arms
23:43 Heavy Plow
25:09 Bow Saw
29:45 Hand Cart
32:09 Bloodlines
32:00 Husbandry
33:59 Gold Shaft Mining
33:48 Detinets
34:02 Fortified Wall
34:14 Scale Barding Armor
34:40 Forging
35:38 Ballistics
37:29 Iron Casting
40:55 Imperial Age
38:19 Pikeman
38:59 Squires
39:12 Light Cavalry
42:12 Conscription
43:08 Hoardings
43:27 Halberdier
44:09 Scale Mail Armor
45:33 Blast Furnace
45:32 Caravan
46:36 Masonry
47:33 Chemistry
51:14 Crop Rotation
51:46 Two-Man Saw
51:51 Caravan
52:53 Masonry
55:03 Long Swordsman
56:09 Two-Handed Swordsman
57:25 Champion
Gut Check
1:09 Loom
15:46 Feudal Age
16:12 Double-Bit Axe
18:58 Wheelbarrow
18:09 Town Watch
18:21 Fishing Lines
22:32 Castle Age
23:01 Horse Collar
25:15 Hand Cart
26:28 Gillnets
28:20 Caravan
30:12 Stone Mining
30:15 Gold Mining
30:39 Bow Saw
30:46 Scale Barding Armor
30:52 Forging
30:53 Husbandry
31:14 Marauders
33:18 Chain Barding Armor
32:54 Fletching
34:09 Gold Shaft Mining
34:16 Heavy Plow
35:02 Iron Casting
38:24 Imperial Age
36:38 Bloodlines
37:00 Ballistics
36:51 Masonry
38:12 Bodkin Arrow
43:13 Blast Furnace
42:49 Plate Barding Armor
42:16 Bracer
49:13 Chemistry
48:09 Murder Holes
48:51 Conscription
48:47 Elite Tarkan
49:50 Man-at-Arms
50:31 Squires
50:17 Arson
50:39 Scale Mail Armor
52:30 Long Swordsman
54:03 Two-Handed Swordsman
Alpha Robeeert
12:18 Feudal Age
12:46 Double-Bit Axe
12:48 Horse Collar
13:03 Gold Mining
16:13 Scale Mail Armor
17:18 Man-at-Arms
21:02 Castle Age
21:11 Long Swordsman
23:22 Chain Mail Armor
24:26 Squires
26:26 Wheelbarrow
26:07 Forging
27:50 Pikeman
33:17 Wheelbarrow
32:47 Heavy Plow
34:30 Hand Cart
44:43 Iron Casting
55:29 Loom
Pestilenz666
0:28 Loom
12:11 Feudal Age
14:02 Horse Collar
19:31 Castle Age
18:52 Stone Mining
18:52 Double-Bit Axe
19:05 Gold Mining
21:48 Fletching
22:00 Padded Archer Armor
23:43 Wheelbarrow
25:10 Town Watch
27:27 Heavy Plow
27:26 Elite Skirmisher
29:27 Bodkin Arrow
29:54 Hand Cart
29:48 Town Patrol
30:13 Bow Saw
31:18 Gold Shaft Mining
35:29 Imperial Age
36:37 Conscription
38:12 Bracer
38:28 Leather Archer Armor
47:35 Ballistics
48:16 Chemistry
49:36 Ring Archer Armor
52:34 Elite Longbowman
anirudhgupta8992
1:43 Loom
6:49 Loom
11:09 Feudal Age
12:43 Wheelbarrow
13:23 Double-Bit Axe
14:11 Town Watch
18:14 Stone Mining
18:55 Scale Barding Armor
24:37 Castle Age
23:22 Scale Mail Armor
23:30 Padded Archer Armor
26:41 Chain Barding Armor
28:28 Hand Cart
28:33 Bow Saw
28:55 Fletching
Connection lost

Rejoining the realm…

Still unreachable

The connection could not be restored.

Session expired

The server has moved on; the page needs a fresh start.